 Dungeon Crawl Stone Soup version 0.31-a0-986-g5e6e4ef867 (webtiles) character file.

Game seed: 17209338125532215826

56 croobank the Firebug (level 3, -2/23 HPs)
             Began as an Octopode Fire Elementalist on Nov 3, 2023.
             Slain by Sigmund
             ... wielding a +0 scythe
              (12 damage)
             ... on level 2 of the Dungeon.
             The game lasted 00:03:48 (1609 turns).

croobank the Firebug (Octopode Fire Elementalist)   Turns: 1609, Time: 00:03:48

Health: -2/23      AC:  1    Str:  7    XL:     3   Next: 97%
Magic:  2/6        EV: 13    Int: 19    God:
Gold:   58         SH:  0    Dex: 12    Spells: 3/6 levels left

rFire   . . .        c - +0 short sword
rCold   . . .        (no shield)
rNeg    . . .        (helmet restricted)
rPois   .            (no amulet)
rElec   .            (no ring)
rCorr   .            (no ring)
SInv    .            (no ring)
Will    .....        (no ring)
Stlth   +++          (no ring)
HPRegen 0.23/turn    (no ring)
MPRegen 0.10/turn    (no ring)
                     (no ring)

%: no passive effects
@: no status effects
A: almost no armour, amphibious, 8 rings, camouflage 1, gelatinous body 1,
(nimble swimmer 1), tentacles
a: no special abilities


You were on level 2 of the Dungeon.
You visited 1 branch of the dungeon, and saw 2 of its levels.

You collected 58 gold pieces.

Inventory:

Hand Weapons
 c - a +0 short sword (weapon)
 d - a +0 long sword
 h - a +2 heavy hand axe
Missiles
 e - 5 curare-tipped darts (quivered)
 k - 10 poisoned darts
Scrolls
 g - a scroll of brand weapon {unknown}
 j - a scroll of immolation {unknown}
 l - a scroll of noise {unknown}
 m - a scroll of teleportation {unknown}
 n - a scroll of identify {unknown}
Potions
 a - a potion of magic
 b - 2 potions of heal wounds {unknown}
 f - a potion of brilliance {unknown}
 i - a potion of lignification {unknown}


   Skills:
 * Level 1.2 Fighting
 * Level 1.1 Throwing
 + Level 2.3 Dodging
 + Level 3.1 Stealth
 + Level 2.3 Spellcasting
 + Level 1.6 Conjurations
 + Level 3.2 Fire Magic


You had 3 spell levels left.
You knew the following spells:

 Your Spells              Type           Power      Damage    Failure   Level
a - Foxfire               Conj/Fire      44%        2x1d6     6%          1
b - Scorch                Fire           28%        2d6       7%          2

Your spell library contained the following spells:

 Spells                   Type           Power      Damage    Failure   Level
 Inner Flame              Hex/Fire       8%         N/A       26%         3
 Volatile Blastmotes      Fire/Tloc      16%        2d11      26%         3
 Frozen Ramparts          Ice            4%         1d1       45%         3
 Flame Wave               Conj/Fire      11%        2d6       52%         4
 Petrify                  Tmut/Erth      2%         N/A       86%         4
 Metabolic Englaciation   Hex/Ice        1%         N/A       99%         5


Dungeon Overview and Level Annotations

Branches:
Dungeon (2/15)

Altars:

Annotations:
D:2 Sigmund


Innate Abilities, Weirdness & Mutations

You cannot wear most types of armour.
You are amphibious.
You can wear up to eight rings at the same time.
Your skin changes colour to match your surroundings (Stealth+).
Your rubbery body absorbs attacks. (AC +1, EV +1)
((You are camouflaged when in or above water. (Stealth+)))
You have tentacles for arms and can constrict up to eight enemies at once.


Message History

The dart slug barely misses you.
You hit the dart slug. You grab the dart slug.
The dart slug is heavily wounded.
You constrict the dart slug. The dart slug launches a dart at you.
The slug dart misses you.
Casting: Foxfire (safe; 6% risk of failure)
Confirm with . or Enter, or press ? or * to list all spells.
Flames lash the dart slug.
You kill the dart slug!
Casting: Scorch (safe; 7% risk of failure)
Confirm with . or Enter, or press ? or * to list all spells.
You can't see any susceptible monsters within range! (Use Z to cast anyway.)
Found 8 stones.
You see here 8 stones.
You open the door.
There is an open door here.
You now have 58 gold pieces (gained 5).
As you open the door, it creaks loudly!
There is an open door here.
n - a scroll labelled RERGHU WUOMEAFAT Sigmund the Dreaded comes into view.
He is wielding a +0 scythe.
Sigmund points at you and mumbles some strange words.
You resist with significant effort.
Casting: Scorch (safe; 7% risk of failure)
Confirm with . or Enter, or press ? or * to list all spells.
Flames lash Sigmund.
Sigmund is moderately wounded.
Sigmund's fire resistance burns away.
Sigmund points at you and mumbles some strange words.
The puff of flame hits you!
Ouch! That really hurt!
Casting: Scorch (safe; 7% risk of failure)
Confirm with . or Enter, or press ? or * to list all spells.
Flames lash Sigmund.
Sigmund is burned terribly!
Sigmund is heavily wounded.
Sigmund hits you from afar with a +0 scythe!
Ouch! That really hurt!
You die...
Sigmund begins carving another notch in his scythe.

#.###.#######
#.###.# #.....#
##.######
#.......#
#..####.# #..# #@
##..####.########
#........@......#
#...####.######.#
### #....###.#
#.# ..#
#........# #.#
#.# #....#####
#.# ..######.#.##
#.# .........#.#
#.# ..########.#
#.# ### ##+##
##.##


You could see Sigmund (combustible).

Vanquished Creatures
  2 adders (D:2)
  A dart slug (D:2)
  6 ball pythons (D:1)
  5 bats (D:1)
  2 endoplasms (D:1)
  2 giant cockroaches
  2 hobgoblins (D:1)
  4 jackals (D:1)
  4 frilled lizards (D:1)
  2 goblins (D:1)
  3 kobolds (D:1)
  2 rats (D:1)
35 creatures vanquished.

Vanquished Creatures (others)
  43 foxfires
43 creatures vanquished.

Grand Total: 78 creatures vanquished

Notes
Turn   | Place    | Note
-------+----------+-------------------------------------------
     0 | D:1      | croobank the Octopode Fire Elementalist began the quest for
                  | the Orb.
     0 | D:1      | Reached XP level 1. HP: 11/11 MP: 3/3
   175 | D:1      | Reached XP level 2. HP: 14/17 MP: 5/5
   463 | D:1      | Learned a level 2 spell: Scorch
   585 | D:1      | Reached XP level 3. HP: 19/22 MP: 0/6
   971 | D:1      | Reached skill level 1 in Fighting
  1340 | D:2      | Reached skill level 1 in Throwing
  1607 | D:2      | Noticed Sigmund
  1609 | D:2      | Slain by Sigmund

Illustrated notes

Levels and vault maps discovered:
D:1:      dpeg_arrival_three_bigger_balls, layout_basic, minmay_cupped
D:2:      layout_loops_corners, shapermc_ecumenical_altar_ellora, uniq_natasha,
          uniq_sigmund

Skill      XL: |  1  2  3 |
---------------+----------+-----
Stealth        | 3 |  3.1
Fighting       | 1 |  1.2
Throwing       | 1 |  1.1
Dodging        | |  2.3
Spellcasting   | |  2.3
Conjurations   | |  1.6
Fire Magic     | |  3.2

Action                     || total
---------------------------++-------
  Melee: Short sword       ||    41
         Constrict         ||     7
         Tentacles         ||     4
  Throw: Dart              ||     3
   Cast: Foxfire           ||    24
         Scorch            ||     5
   Stab: Sleeping          ||    10
 Armour: Skin              ||    18
  Dodge: Dodged            ||    28

Table legend: (Time is in decaauts)
 A = Elapsed time spent in this place.
 B = Non-inter-level travel time spent in this place.
 C = Inter-level travel time spent in this place.
 D = Time resting spent in this place.
 E = Time spent auto-exploring this place.
 F = Levels seen in this place.
 G = Mean time per level.
                   A        B        C        D        E       F      G
               +--------+--------+--------+--------+--------+-----+--------+
         Total |   1608 |   1604 |      4 |    309 |   1014 |   2 |  804.0 |
       Dungeon |   1608 |   1604 |      4 |    309 |   1014 |   2 |  804.0 |
               +--------+--------+--------+--------+--------+-----+--------+

Top non-repeatable levels by time:
     D:1: 1262 daAuts
     D:2: 345 daAuts
